 Dungeon Crawl Stone Soup version 0.29-a0-330-g52719c12eb (webtiles) character file.

Game seed: 9683603600258010440

6 siradein the Skirmisher (level 1, -2/19 HPs)
             Began as a Palentonga Fighter on Apr 13, 2022.
             Slain by a hobgoblin (3 damage)
             ... on level 1 of the Dungeon.
             The game lasted 00:00:46 (67 turns).

siradein the Skirmisher (Palentonga Fighter)          Turns: 67, Time: 00:00:47

Health: -2/19      AC:  6    Str: 19    XL:     1   Next: 75%
Magic:  1/1        EV:  7    Int:  8    God:
Gold:   0          SH:  4    Dex:  9    Spells: 0/0 levels left

rFire   . . .      SeeInvis +   a - +0 long sword
rCold   . . .      Faith    .   c - +0 buckler
rNeg    . . .      Spirit   .   b - +0 scale mail
rPois   .          Reflect  .   (no helmet)
rElec   .          Harm     .   (no cloak)
rCorr   .          Rampage  .   (no gloves)
Will    .....                   (no barding)
Stlth   ..........              (no amulet)
HPRegen 0.06/turn               (no ring)
MPRegen 0.07/turn               (no ring)

@: no status effects
A: large, rugged brown scales 3, see invisible, deformed body, roll 1, armoured
tail
a: Rolling Charge


You were on level 1 of the Dungeon.
You visited 1 branch of the dungeon, and saw 1 of its levels.

Inventory:

Hand Weapons
 a - a +0 long sword (weapon)
Armour
 b - a +0 scale mail (worn)
 c - a +0 buckler (worn)
Scrolls
 e - 2 scrolls of enchant armour {unknown}
Potions
 d - a potion of might


   Skills:
 + Level 3.1 Fighting
 + Level 2.1 Long Blades
 + Level 2.5 Armour
 + Level 2.5 Shields


You couldn't memorise any spells.
You didn't know any spells.
Your spell library was empty.

Dungeon Overview and Level Annotations

Branches:
Dungeon (1/15)

Altars:


Innate Abilities, Weirdness & Mutations

You are completely covered in rugged brown scales. (AC +3, +7% HP)
You have supernaturally acute eyesight. (SInv)
Armour fits poorly on your strangely shaped body.
You can roll at nearby foes to attack.
You have a long armoured tail.


Message History

The kobold barely misses you. The kobold hits you but does no damage.
A ball python comes into view.
You block the kobold's attack.
You closely miss the kobold.
The ball python hisses angrily.
You tail-slap the kobold, but do no damage.
The kobold is severely wounded.
The kobold closely misses you. x2
You closely miss the kobold.
The kobold is severely wounded.
The kobold hits you but does no damage. The kobold hits you with a +0 whip.
You hit the kobold.
You kill the kobold!
The kobold hits you with a +0 whip.
You closely miss the kobold.
Your tail-slap misses the kobold.
The kobold hits you with a +0 whip. x2
* * * LOW HITPOINT WARNING * * *
The kobold attacks as you move away! The kobold hits you with a +0 whip.
* * * LOW HITPOINT WARNING * * *
The kobold throws a stone.
The stone hits you but does no damage.
The kobold throws a stone.
The stone hits you but does no damage.
You closely miss the kobold. You block the kobold's attack.
A hobgoblin comes into view.
The hobgoblin shouts!
You slash the kobold!
You kill the kobold!
You block the ball python's attack.
You closely miss the ball python. The ball python barely misses you.
You closely miss the ball python. The ball python barely misses you.
The ball python misses you.
You barely miss the ball python. The ball python bites you.
* * * LOW HITPOINT WARNING * * *
You slash the ball python!
You kill the ball python!
You block the hobgoblin's attack.
You closely miss the hobgoblin.
The hobgoblin hits you but does no damage.
You hit the hobgoblin but do no damage.
Your tail-slap misses the hobgoblin.
The hobgoblin hits you.
You die...

#.#####.........
#..#............
.....##.........
........########
.##.....#
......#.#
#####...##
.........#### ###
########.@g)#...#
####.....#
#.........#
#.........#
.K.$.......$#
.K.........^#
............#
..#.........#
.##.........#


You could see a hobgoblin.

Vanquished Creatures
  A ball python (D:1)
  2 hobgoblins (D:1)
  2 kobolds (D:1)
5 creatures vanquished.

Notes
Turn   | Place    | Note
-------+----------+-------------------------------------------
     0 | D:1      | siradein the Palentonga Fighter began the quest for the
                  | Orb.
     0 | D:1      | Reached XP level 1. HP: 19/19 MP: 1/1
    67 | D:1      | Slain by a hobgoblin

Illustrated notes

Levels and vault maps discovered:
D:1:      dpeg_arrival_court, layout_rooms, hellmonk_ecumenical_altar_blasted

Action                   || total
-------------------------++-------
Melee: Long sword        ||    18
       Tailslap          ||     3
Armor: Scale mail        ||     6
Dodge: Dodged            ||     8
Block: Buckler           ||     4

Table legend: (Time is in decaauts)
 A = Elapsed time spent in this place.
 B = Non-inter-level travel time spent in this place.
 C = Inter-level travel time spent in this place.
 D = Time resting spent in this place.
 E = Time spent auto-exploring this place.
 F = Levels seen in this place.
 G = Mean time per level.
                   A        B        C        D        E       F      G
               +--------+--------+--------+--------+--------+-----+--------+
         Total |     72 |     72 |      0 |      6 |     31 |   1 |   72.0 |
       Dungeon |     72 |     72 |      0 |      6 |     31 |   1 |   72.0 |
               +--------+--------+--------+--------+--------+-----+--------+

Top non-repeatable levels by time:
     D:1: 72 daAuts
